 Dungeon Crawl Stone Soup version 0.30-a0-1050-g2766ea1e55 (webtiles) character file.

Game seed: 1723258954903751820

354 Ic0nGaming the Slicer (level 6, -1/37 HPs)
             Began as a Kobold Fighter on Apr 10, 2023.
             Slain by an orc
             ... wielding a +1 heavy trident
              (7 damage)
             ... on level 4 of the Dungeon.
             The game lasted 00:11:19 (3121 turns).

Ic0nGaming the Slicer (Kobold Fighter)              Turns: 3121, Time: 00:11:19

Health: -1/37      AC:  7    Str: 14    XL:     6   Next: 94%
Magic:  6/6        EV: 11    Int:  9    God:
Gold:   133        SH:  6    Dex: 16    Spells: 5/5 levels left

rFire   . . .      SeeInvis .    a - +0 rapier
rCold   . . .      Faith    .    c - +1 buckler
rNeg    . . .      Spirit   .    g - +0 ring mail
rPois   +          Reflect  .    l - +0 helmet
rElec   .          Rampage  .    (no cloak)
rCorr   .                        n - +0 pair of gloves
Will    .....                    (no boots)
Stlth   ++                       (no amulet)
HPRegen 0.26/turn                e - ring of poison resistance
MPRegen 0.10/turn                h - ring of flight

@: flying
A: small, no large weapons, nightstalker 3
a: no special abilities


You were on level 4 of the Dungeon.
You visited 1 branch of the dungeon, and saw 5 of its levels.
You also visited: Ossuary.

You collected 133 gold pieces.

Inventory:

Hand Weapons
 a - a +0 rapier (weapon)
Missiles
 j - 5 poisoned darts (quivered)
Armour
 c - a +1 buckler (worn)
 g - a +0 ring mail (worn)
 l - a +0 helmet (worn)
 n - a +0 pair of gloves (worn)
Jewellery
 d - a ring of protection from cold
 e - a ring of poison resistance (left hand)
 h - a ring of flight (right hand)
Scrolls
 b - a scroll of teleportation
 i - a scroll of fog
 q - a scroll of poison
 t - a scroll of magic mapping {unknown}
 u - a scroll of enchant weapon {unknown}
Potions
 f - a potion of flight
 k - a potion of mutation
 m - a potion of might
 p - a potion of haste
 r - a potion of cancellation
 s - a potion of magic {unknown}


   Skills:
 - Level 3.2 Fighting
 * Level 8.9 Short Blades
 - Level 2.4 Armour
 + Level 1.2 Stealth
 - Level 2.4 Shields


You had 5 spell levels left.
You didn't know any spells.
Your spell library contained the following spells:

 Spells                   Type           Power      Damage    Failure   Level
 Cigotuvi's Dreadful Rot  Necr/Pois/Air  0%         N/A       88%         2
 Poisonous Vapours        Pois/Air       0%         N/A       88%         2
 Ignite Poison            Fire/Tmut/Pois 0%         N/A       98%         3
 Mephitic Cloud           Conj/Pois/Air  0%         N/A       98%         3
 Leda's Liquefaction      Hex/Erth       0%         N/A       100%        4
 Freezing Cloud           Conj/Ice/Air   0%         6-21      100%        5
 Lee's Rapid Deconstruct  Erth           0%         3d4*      100%        5
 Statue Form              Tmut/Erth      0%         N/A       100%        6
 Malign Gateway           Summ/Tloc      0%         N/A       100%        7
 Summon Horrible Things   Summ           0%         N/A       100%        8


Dungeon Overview and Level Annotations

Branches:
Dungeon (5/15)            Ossuary (visited)
 Temple: D:4-7

Altars:
The Shining One

Annotations:
D:5 1 runed translucent door


Innate Abilities, Weirdness & Mutations

You are small and have problems with some larger weapons.
You are completely attuned to the shadows.


Message History

You closely miss something.
You feel sick. You block something's attack.
You miss something.
You feel sick.
The orc hits you from afar with a +1 heavy trident.
Something hits you but does no damage.
You completely miss something.
You feel sick. Something hits you but does no damage.
You are more poisoned.
The orc hits you from afar with a +1 heavy trident.
You feel better.
You hear some strange, mumbled words.
A magic dart appears from out of thin air!
The magic dart hits you.
You hit something but do no damage.
The orc hits you from afar with a +1 heavy trident.
You completely miss something.
You hear some strange, mumbled words.
A puff of flame appears from out of thin air!
The puff of flame hits you!
You puncture something!
Reactivating autopickup.
You feel a bit more experienced.
The orc hits you from afar with a +1 heavy trident!
* * * LOW HITPOINT WARNING * * *
Your Stealth skill increases to level 1!
Okay, then.
You feel better. You block the orc's attack.
The orc hits you but does no damage.
You hit the orc.
The orc is lightly wounded.
The orc hits you but does no damage.
You completely miss the orc.
The orc is lightly wounded.
The orc hits you with a +0 club.
* * * LOW HITPOINT WARNING * * *
The orc hits you from afar with a +1 heavy trident.
* * * LOW HITPOINT WARNING * * *
You puncture the orc!
You kill the orc!
The orc hits you with a +1 heavy trident!
You die...

#.#####..#.........
#.# #.......#..##.#
#.# #.#..#.##..# .#
#.# #.#........# #
#.###.##.#. #......
##..... #.##.#.
#@##... #o#o..
#o#o#.. #.o.o.(
#.#.### #.....
#.#.### #. .#


You could see 3 orcs.

Vanquished Creatures
  A wraith (Ossuary)
  A wight (Ossuary)
  A jelly (D:5)
  An iguana (D:5)
  An orc wizard (D:4)
  A mummy (D:5)
  A worm (D:2)
  3 dart slugs
  An orc (D:4)
  4 endoplasms
  4 hobgoblins (D:2)
  6 quokkas
  3 ball pythons
  A ball python skeleton (Ossuary)
  2 goblins (D:2)
  A hobgoblin skeleton (Ossuary)
  2 kobolds
  A kobold zombie (Ossuary)
  2 orc skeletons (Ossuary)
  3 orc zombies (Ossuary)
  7 rats
47 creatures vanquished.

Vanquished Creatures (others)
  10 plants (D:3)
10 creatures vanquished.

Grand Total: 57 creatures vanquished

Notes
Turn   | Place    | Note
-------+----------+-------------------------------------------
     0 | D:1      | Ic0nGaming the Kobold Fighter began the quest for the Orb.
     0 | D:1      | Reached XP level 1. HP: 14/14 MP: 1/1
   266 | D:1      | Reached skill level 3 in Short Blades
   305 | D:1      | Reached XP level 2. HP: 15/19 MP: 2/2
  1180 | D:2      | Reached skill level 4 in Short Blades
  1404 | D:2      | Reached XP level 3. HP: 20/23 MP: 3/3
  1486 | D:2      | Found a faded altar of an unknown god.
  1870 | D:2      | Reached skill level 5 in Short Blades
  2227 | D:3      | Found a glowing golden altar of the Shining One.
  2290 | D:3      | You are sucked into a shaft and drop 2 floors!
  2290 | D:5      | Entered Level 5 of the Dungeon
  2290 | D:5      | Found a runed translucent door.
  2335 | D:5      | Reached XP level 4. HP: 8/28 MP: 4/4
  2340 | D:5      | Found a sand-covered staircase.
  2347 | D:5      | Reached skill level 6 in Short Blades
  2351 | Ossuary  | Entered an ossuary
  2494 | Ossuary  | Noticed a flying skull
  2494 | Ossuary  | Noticed a wraith
  2511 | Ossuary  | Noticed a flying skull
  2519 | Ossuary  | Noticed a flying skull
  2550 | Ossuary  | Noticed a wraith
  2572 | Ossuary  | Killed a wraith
  2573 | Ossuary  | Reached skill level 8 in Short Blades
  2573 | Ossuary  | Reached XP level 5. HP: 13/32 MP: 5/5
  2573 | Ossuary  | Reached XP level 6. HP: 15/37 MP: 6/6
  2610 | Ossuary  | Noticed a flying skull
  3115 | D:4      | Reached skill level 1 in Stealth
  3121 | D:4      | Slain by an orc

Illustrated notes

Levels and vault maps discovered:
D:1:      kennysheep_arrival_seaside, layout_loops_ring
D:2:      layout_loops_cross, ebering_ecumenical_altar_abandoned,
          grunt_ministairs_1, minmay_diced_spiral
D:3:      layout_rooms, nicolae_overflow_hidden_temple,
          nicolae_yredelemnul_ghost_church, portal_sewer_entry_b,
          serial_bayou_lagoon_a, corexii_shack, columned_hall_lemuel,
          minmay_stone_trees_small
D:4:      layout_loops_corners, elyvilon_altar_5, mainiacjoe_overflow_brackets
D:5:      layout_rooms, mainiacjoe_overflow_24_doors, minmay_temple_entry_hall,
          gammafunk_ghost_grave, gup_ossuary_entry_pyramid

Skill      XL: |  1  2  3  4  5  6 |
---------------+-------------------+-----
Short Blades   | 3 4 5 8 |  8.9
Stealth        | 1 |  1.2
Fighting       | |  3.2
Armour         | |  2.4
Shields        | |  2.4

Action                     |  1- 3 |  4- 6 || total
---------------------------+-------+-------++-------
  Melee: Rapier            |   114 |    72 ||   186
  Throw: Dart              |       |     1 ||     1
    Use: Scroll            |     9 |     5 ||    14
         Potion            |     1 |     4 ||     5
   Stab: Sleeping          |     5 |     2 ||     7
 Armour: Ring mail         |    21 |    19 ||    40
  Dodge: Dodged            |    39 |    26 ||    65
  Block: Buckler           |    25 |    16 ||    41

Table legend: (Time is in decaauts)
 A = Elapsed time spent in this place.
 B = Non-inter-level travel time spent in this place.
 C = Inter-level travel time spent in this place.
 D = Time resting spent in this place.
 E = Time spent auto-exploring this place.
 F = Levels seen in this place.
 G = Mean time per level.
                   A        B        C        D        E       F      G
               +--------+--------+--------+--------+--------+-----+--------+
         Total |   3127 |   3079 |     48 |    554 |   1470 |   6 |  521.2 |
       Dungeon |   2734 |   2686 |     48 |    456 |   1470 |   5 |  546.8 |
       Ossuary |    392 |    392 |      0 |     98 |      0 |   1 |  392.0 |
               +--------+--------+--------+--------+--------+-----+--------+

Top non-repeatable levels by time:
     D:2: 1259 daAuts
     D:1: 915 daAuts
 Ossuary: 392 daAuts
     D:5: 347 daAuts
     D:3: 124 daAuts
     D:4: 87 daAuts
